 Dungeon Crawl Stone Soup version 0.30-a0-122-g2a1322497e (webtiles) character file.

Game seed: 6401732425678901855

294 Dreamer the Sneak (level 6, 0/35 HPs)
             Began as a Vampire Enchanter on Sept 16, 2022.
             Slain by a water moccasin zombie (4 damage)
             ... in an ossuary.
             The game lasted 00:07:53 (3526 turns).

Dreamer the Sneak (Vampire Enchanter)               Turns: 3526, Time: 00:07:54

Health: 0/35       AC:  3    Str:  7    XL:     6   Next: 11%
Magic:  10/10      EV: 13    Int: 23    God:
Gold:   80         SH:  0    Dex: 17    Spells: 2/10 levels left

rFire   . . .      SeeInvis +    r - +0 rapier
rCold   + + .      Faith    .    (no shield)
rNeg    + + +      Spirit   .    b - +0 robe
rPois   ∞          Reflect  .    (no helmet)
rElec   .          Harm     .    f - +0 cloak {Will+}
rCorr   .          Rampage  .    (no gloves)
Will    +....                    (no boots)
Stlth   ++++++....               (no amulet)
HPRegen 0.00/turn                t - +6 ring of intelligence
MPRegen 0.12/turn                (no ring)

@: bloodless, inhibited regen
A: bloodless, fangs 3, see invisible, vampiric 2
a: Bat Form, Revivify


You were in an ossuary.
You visited 1 branch of the dungeon, and saw 4 of its levels.
You also visited: Ossuary.

You collected 80 gold pieces.

Inventory:

Hand Weapons
 a - a +1 dagger
 r - a +0 rapier (weapon)
Armour
 b - a +0 robe (worn)
 f - a +0 cloak of willpower (worn)
Jewellery
 t - a +6 ring of intelligence (left hand)
Wands
 q - a wand of flame (11)
Scrolls
 h - 2 scrolls of identify {unknown}
 j - a scroll of teleportation {unknown}
 l - a scroll of enchant weapon {unknown}
 m - a scroll of fear {unknown}
 n - 2 scrolls of summoning {unknown}
 p - a scroll of vulnerability {unknown}
Potions
 c - a potion of invisibility
 d - 4 potions of degeneration {unknown}
 e - 2 potions of brilliance {unknown}
 g - a potion of curing {unknown}
 i - a potion of flight {unknown}
 k - 2 potions of heal wounds {unknown}
 o - a potion of berserk rage {unknown}
 s - a potion of lignification {unknown}


   Skills:
 + Level 1.7 Fighting
 * Level 3.4 Short Blades
 + Level 3.1 Dodging
 * Level 6.7 Stealth
 + Level 2.6 Spellcasting
 + Level 5.2 Hexes


You had 2 spell levels left.
You knew the following spells:

 Your Spells              Type           Power      Damage    Failure   Level
a - Ensorcelled Hibernat  Hex/Ice        30%        N/A       6%          2
b - Confusing Touch       Hex            27%        N/A       4%          3
c - Tukima's Dance        Hex            27%        N/A       4%          3

Your spell library contained the following spells:

 Spells                   Type           Power      Damage    Failure   Level
 Dazzling Flash           Conj/Hex       30%        N/A       12%         3
 Gell's Gravitas          Tloc           3%         N/A       34%         3
 Teleport Other           Tloc           3%         N/A       34%         3
 Dispersal                Tloc           1%         N/A       100%        6


Dungeon Overview and Level Annotations

Branches:
Dungeon (4/15)            Ossuary (1/1)
 Temple: D:4-7

Altars:
Sif Muna

Annotations:
D:3 exclusion: necrophage
D:4 Blork the orc


Innate Abilities, Weirdness & Mutations

You do not regenerate when monsters are visible.
You are frail without blood (-20% HP).
You can heal yourself when you bite living creatures.
You are immune to poison.
You have razor-sharp teeth.
You have supernaturally acute eyesight. (SInv)
You are afflicted with vampirism and can become a bat while bloodless.


Message History

The hobgoblin zombie is severely damaged.
The water moccasin zombie bites you. The hobgoblin zombie misses you.
You puncture the hobgoblin zombie!
You destroy the hobgoblin zombie!
The water moccasin zombie bites you.
You hit the water moccasin zombie.
The water moccasin zombie is moderately damaged.
The adder zombie barely misses you.
The water moccasin zombie barely misses you.
You closely miss the water moccasin zombie.
Your bite misses the water moccasin zombie.
The water moccasin zombie is moderately damaged.
The water moccasin zombie bites you but does no damage.
The adder zombie bites you. The water moccasin zombie bites you.
The adder zombie closely misses you.
You puncture the water moccasin zombie!
The water moccasin zombie is moderately damaged.
The water moccasin zombie closely misses you.
The adder zombie bites you but does no damage.
You barely miss the water moccasin zombie.
You bite the water moccasin zombie.
The water moccasin zombie is heavily damaged.
The water moccasin zombie closely misses you.
The adder zombie closely misses you.
You hit the water moccasin zombie.
Your bite misses the water moccasin zombie.
The water moccasin zombie is heavily damaged.
The water moccasin zombie barely misses you.
The adder zombie barely misses you.
You closely miss the water moccasin zombie.
The water moccasin zombie is heavily damaged.
The water moccasin zombie bites you.
* * * LOW HITPOINT WARNING * * *
The adder zombie barely misses you. The water moccasin zombie bites you.
* * * LOW HITPOINT WARNING * * *
You hit the water moccasin zombie.
The water moccasin zombie is heavily damaged.
The adder zombie bites you but does no damage.
The water moccasin zombie bites you.
You die...

..# #...#
..# #...#
..# #...#
..# #...#
### ###'#
..# #...#
..# #...#
..# #.Z.#
..# #@Z.#
### ###'#
..# #Z..#
..##### ###
#.Z.#
..#...#!!!!#
#..Z#
..'.∩.#?(:!+
+Z..#
..#...#!!!!#
#.Z.#
####### ###
#####


You could see an adder zombie and a water moccasin zombie.

Vanquished Creatures
  2 water moccasin zombies (Ossuary)
  Crazy Yiuf (D:2)
  Terence (D:2)
  2 adders (D:2)
  6 adder zombies (Ossuary)
  3 worms (D:3)
  2 dart slugs
  11 orcs (D:3)
  2 endoplasms
  A giant cockroach (D:2)
  5 hobgoblins
  A kobold (D:1)
  A quokka (D:3)
  5 ball pythons
  4 bats
  5 frilled lizards
  3 gnoll zombies (Ossuary)
  6 goblins
  3 hobgoblin zombies (Ossuary)
  5 kobold zombies (Ossuary)
  3 orc zombies (Ossuary)
  4 rats
76 creatures vanquished.

Notes
Turn   | Place    | Note
-------+----------+-------------------------------------------
     0 | D:1      | Dreamer the Vampire Enchanter began the quest for the Orb.
     0 | D:1      | Reached XP level 1. HP: 13/13 MP: 3/3
   347 | D:1      | Reached XP level 2. HP: 15/15 MP: 5/5
   954 | D:3      | Learned a level 2 spell: Ensorcelled Hibernation
   963 | D:2      | Reached skill level 5 in Stealth
  1279 | D:2      | Gained mutation: You are afflicted with vampirism and can
                  | become a bat while bloodless. [Vampire growth]
  1279 | D:2      | Reached XP level 3. HP: 17/20 MP: 1/6
  1676 | D:2      | Noticed Terence
  1708 | D:2      | Killed Terence
  1827 | D:2      | Reached skill level 1 in Fighting
  1827 | D:2      | Reached XP level 4. HP: 11/25 MP: 1/7
  2080 | D:2      | Found a runed translucent door.
  2081 | D:2      | Noticed Crazy Yiuf
  2088 | D:2      | Killed Crazy Yiuf
  2349 | D:3      | Noticed a necrophage
  2495 | D:3      | Reached skill level 6 in Stealth
  2823 | D:3      | Reached XP level 5. HP: 29/29 MP: 8/8
  2837 | D:3      | Found a shimmering blue altar of Sif Muna.
  3068 | D:3      | Found a faded altar of an unknown god.
  3084 | D:4      | Found a sand-covered staircase.
  3090 | D:4      | Noticed Blork the orc
  3093 | Ossuary  | Entered an ossuary
  3106 | Ossuary  | Learned a level 3 spell: Confusing Touch
  3110 | Ossuary  | Learned a level 3 spell: Tukima's Dance
  3184 | Ossuary  | Reached skill level 5 in Hexes
  3214 | Ossuary  | Reached XP level 6. HP: 4/35 MP: 6/10
  3526 | Ossuary  | Slain by a water moccasin zombie

Illustrated notes

Levels and vault maps discovered:
D:1:      evilmike_arrival_hilbert_curve, layout_basic, kennysheep_small_spiral,
          minmay_shallow_snake_nest
D:2:      layout_basic, grunt_ministairs_9, uniq_terence,
          uniq_crazy_yiuf_cottage
D:3:      layout_loops_ring, led_sif_book, chequers_ecumenical_altar_twisty
D:4:      layout_loops_ring, enter_ossuary_1, minmay_checkerbox,
          uniq_blork_the_orc
Ossuary:  ossuary_tomb_2

Skill      XL: |  1  2  3  4  5 |
---------------+----------------+-----
Stealth        | 5 6 |  6.7
Short Blades   | 2 3 |  3.4
Fighting       | 1 |  1.7
Hexes          | 5 |  5.2
Dodging        | 3 |  3.1
Spellcasting   | |  2.6

Action                   |  1- 3 |  4- 6 || total
-------------------------+-------+-------++-------
Melee: Dagger            |    64 |    42 ||   106
       Bite              |     6 |    12 ||    18
       Rapier            |       |    77 ||    77
       Punch             |       |     3 ||     3
 Cast: Ensorcelled Hiber |    11 |     9 ||    20
       Confusing Touch   |       |     1 ||     1
 Abil: Exsanguinate      |     1 |       ||     1
  Use: Potion            |       |     1 ||     1
 Stab: Sleeping          |    19 |    26 ||    45
       Distracted        |       |     1 ||     1
       Invisible         |       |     5 ||     5
Armor: Robe              |    12 |    15 ||    27
Dodge: Dodged            |    32 |    73 ||   105

Table legend: (Time is in decaauts)
 A = Elapsed time spent in this place.
 B = Non-inter-level travel time spent in this place.
 C = Inter-level travel time spent in this place.
 D = Time resting spent in this place.
 E = Time spent auto-exploring this place.
 F = Levels seen in this place.
 G = Mean time per level.
                   A        B        C        D        E       F      G
               +--------+--------+--------+--------+--------+-----+--------+
         Total |   3516 |   3439 |     77 |   1030 |   1778 |   5 |  703.2 |
       Dungeon |   3080 |   3003 |     77 |    758 |   1744 |   4 |  770.0 |
       Ossuary |    435 |    435 |      0 |    272 |     34 |   1 |  435.0 |
               +--------+--------+--------+--------+--------+-----+--------+

Top non-repeatable levels by time:
     D:2: 1267 daAuts
     D:3: 937 daAuts
     D:1: 865 daAuts
 Ossuary: 435 daAuts
     D:4: 9 daAuts
